 Dungeon Crawl Stone Soup version 0.25.0-1-g7eea58d2a3 (webtiles) character file.

Game seed: 9816691387836926923

5107 Chiseanne the Fighter (level 10, -15/132 HPs)
             Began as a Gnoll Wanderer on June 13, 2020.
             Was an Elder of Okawaru.
             Demolished by an orc warrior
             ... wielding the +6 scythe of Symmetry {vorpal, Int+3}
              (21 damage)
             ... on level 9 of the Dungeon.
             The game lasted 00:22:48 (8389 turns).

Chiseanne the Fighter (Gnoll Wanderer)              Turns: 8389, Time: 00:22:48

Health: -15/132    AC: 10    Str: 17    XL:     10   Next: 57%
Magic:  0/17       EV: 17    Int: 19    God:    Okawaru [****..]
Gold:   234        SH: 14    Dex: 18    Spells: 19/19 levels left

rFire    . . .     SeeInvis .   a - +2 war axe (flame)
rCold    . . .     Gourm    .   d - +2 kite shield
rNeg     . . .     Faith    .   z - +0 ring mail of Valiance {Int+3 Dex+4 Slay+3} (curse)
rPois    +         Spirit   +   g - +1 helmet
rElec    .         Reflect  .   (no cloak)
rCorr    .         Harm     .   (no gloves)
MR       .....                  (no boots)
Stlth    ..........             m - amulet of guardian spirit
HPRegen  0.32/turn              A - ring of poison resistance
MPRegen  0.15/turn              (no ring)

@: mighty, brilliant, berserking, heroism, very quick
A: distributed training, fangs 1, strong nose
a: Heroism, Renounce Religion


You were on level 9 of the Dungeon.
You worshipped Okawaru.
Okawaru was greatly pleased with you.
You were very hungry.

You visited 2 branches of the dungeon, and saw 10 of its levels.

You collected 646 gold pieces.
You spent 412 gold pieces at shops.

Inventory:

Hand Weapons
 a - a +2 war axe of flaming (weapon)
 q - a +0 hand crossbow
 s - a +1 dagger of venom
 w - a +2 vorpal hunting sling
 y - a +0 war axe
 C - a +4 scimitar
 E - a +4 vampiric trident
Missiles
 b - 14 poisoned darts (quivered)
 c - 59 bolts
 l - 174 arrows
 r - 79 sling bullets
Armour
 d - a +2 kite shield (worn)
 g - a +1 helmet (worn)
 z - the cursed +0 ring mail of Valiance (worn) {Int+3 Dex+4 Slay+3}
   (You bought it in a shop on level 4 of the Dungeon)

   It affects your intelligence (+3).
   It affects your dexterity (+4).
   It affects your accuracy and damage with ranged weapons and melee attacks
   (+3).
   It has a curse placed upon it.
Jewellery
 m - an amulet of guardian spirit (around neck)
 A - a ring of poison resistance (left hand)
Wands
 h - a wand of random effects (12)
 j - a wand of iceblast (3)
Scrolls
 e - 7 scrolls of magic mapping
 k - 3 scrolls of fog
 t - a scroll of immolation
 x - 2 scrolls of remove curse
Potions
 i - 3 potions of lignification
 o - 2 potions of stabbing
 p - a potion of flight
Comestibles
 f - 22 rations


   Skills:
 + Level 11.5(16.5) Fighting
 + Level 5.3(10.3) Short Blades
 + Level 5.3(10.3) Long Blades
 + Level 5.3(10.3) Axes
 + Level 6.0(11.0) Maces & Flails
 + Level 5.3(10.3) Polearms
 + Level 5.3(10.3) Staves
 + Level 5.3(10.3) Slings
 + Level 5.3(10.3) Bows
 + Level 5.3(10.3) Crossbows
 + Level 5.3(10.3) Throwing
 + Level 7.1(12.1) Armour
 + Level 5.3(10.3) Dodging
 + Level 5.9(10.9) Stealth
 + Level 6.0(11.0) Shields
 + Level 5.3(10.3) Unarmed Combat
 + Level 5.3 Spellcasting
 + Level 4.4 Conjurations
 + Level 4.4 Hexes
 + Level 4.4 Charms
 + Level 4.4 Summonings
 + Level 4.4 Necromancy
 + Level 4.4 Translocations
 + Level 4.4 Transmutations
 + Level 4.4 Fire Magic
 + Level 4.4 Ice Magic
 + Level 4.4 Air Magic
 + Level 4.4 Earth Magic
 + Level 4.4 Poison Magic
 + Level 5.8 Invocations
 + Level 5.3 Evocations


You had 19 spell levels left.
You didn't know any spells.
Your spell library contained the following spells:

 Spells                   Type           Power        Failure   Level  Hunger
 Animate Skeleton         Necr           N/A          5%          1    None
 Apportation              Tloc           ####..       5%          1    None
 Beastly Appendage        Tmut           ####..       5%          1    None
 Corona                   Hex            ####...      5%          1    None
 Foxfire                  Conj/Fire      ####         5%          1    None
 Summon Small Mammal      Summ           ####         5%          1    None
 Sticks to Snakes         Tmut           ####....     8%          2    None
 Conjure Flame            Conj/Fire      ####....     16%         3    None
 Inner Flame              Hex/Fire       ####....     16%         3    None
 Spider Form              Tmut/Pois      ####......   16%         3    None
 Ice Form                 Ice/Tmut       ####....     45%         4    None
 Sticky Flame             Conj/Fire      ####....     45%         4    None
 Blade Hands              Tmut           ####......   82%         5    None
 Fireball                 Conj/Fire      ####......   82%         5    None


Dungeon Overview and Level Annotations

Branches:
Dungeon (9/15)             Temple (1/1) D:7
   Lair: D:8-11         Orc: D:9-12

Altars:
Ashenzari
Cheibriados
Dithmenos
Elyvilon
Fedhas
Gozag
Kikubaaqudgha
Nemelex Xobeh
Okawaru
Qazlal
Ru
Trog
Uskayaw
Vehumet
Wu Jian
Xom
Yredelemnul
Zin
The Shining One

Shops:
D:4 ([

Annotations:
D:5 2 transporters


Innate Abilities, Weirdness & Mutations

Your experience applies equally to all skills.
You have very sharp teeth.
Your uncanny sense of smell can sniff out nearby items.


Message History

You block something's attack.
A red film seems to cover your vision as you go berserk!
You feel yourself moving faster!
You feel mighty! Something hits you but does no damage.
You miss something. Something barely misses you. Something hits you.
* * * LOW HITPOINT WARNING * * *
You slice something!! You burn something. Okawaru accepts your kill.
Reactivating autopickup.
Your base Maces & Flails skill increases to level 6!
Your base Shields skill increases to level 6!
You feel a bit more experienced.
You hit the wyvern. You burn the wyvern.
The wyvern is almost dead.
You block the wyvern's attack.
You barely miss the wyvern.
The wyvern is almost dead.
You block the wyvern's attack.
The orc warrior hits you from afar with the +6 scythe of Symmetry {vorpal, Int+3}!!
You die...

..........##.## ###.....#
###...........# ##.....
..#######...# ##..... .
.##.....##..######.....#
..
###...####...........##
.. #
#.##.##[###..#######..#
.#
#.##.#.#.##.#.##.o...##..
#
#..##...##..###l#∆.##.##.
#. #.....#.@lO..#.##h..#
## ..
#..##...##o....#∆....# #
.. #.#.
#.#.#.##...##∆=..## #
.<.#
.###.##.##.##...#∆).## #
...#
..####...####..##∆}.. #
...###
#..##.....####..#∆... #
.....###...###.....###.#
##
....)....#...##.....###.
##.
............##....#..###.
##..


You could see a two-headed ogre, an orc warrior and a wyvern.

Vanquished Creatures
  An unseen horror (D:9)
  A komodo dragon (D:9)
  2 trolls (D:9)
  A slime creature (D:9)
  A hippogriff (D:9)
  Sigmund (D:3)
  Grum (D:8)
  A wyvern (D:8)
  A vampire mosquito (D:9)
  3 sky beasts
  An ice beast (D:8)
  2 necrophages
  2 ogres (D:4)
  A phantom (D:9)
  3 wolves (D:8)
  2 centaurs
  3 bullfrogs
  A gnoll sergeant (D:8)
  2 scorpions
  5 wights (D:8)
  2 howler monkeys
  5 crimson imps
  3 jellies
  10 orc wizards
  3 hounds
  An orc priest (D:8)
  3 iguanas
  3 worker ants
  A hound zombie (D:9)
  A hound skeleton (D:7)
  A worker ant zombie (D:8)
  2 howler monkey skeletons
  4 gnolls (D:8)
  14 adders
  An ooze (D:6)
  An adder zombie (D:8)
  An adder skeleton (D:7)
  6 worms
  2 dart slugs (D:1)
  4 leopard geckos
  27 orcs
  10 bats
  6 giant cockroaches
  13 goblins
  6 hobgoblins
  4 jackals (D:1)
  3 kobolds
  3 quokkas
  3 ball pythons
  5 frilled lizards
  13 rats
196 creatures vanquished.

Vanquished Creatures (others)
  An orc wizard (D:8)
1 creature vanquished.

Grand Total: 197 creatures vanquished

Notes
Turn   | Place    | Note
-------+----------+-------------------------------------------
     0 | D:1      | Reached skill level 10 in Fighting
     0 | D:1      | Chiseanne the Gnoll Wanderer began the quest for the Orb.
     0 | D:1      | Chiseanne set off with the following items: a +2 mace, a +0
                  | hand crossbow, 23 bolts, a +0 ring mail, a ration
     0 | D:1      | Reached XP level 1. HP: 28/28 MP: 1/1
    94 | D:1      | Reached XP level 2. HP: 29/36 MP: 2/2
   529 | D:1      | Reached XP level 3. HP: 42/42 MP: 3/3
  1101 | D:2      | Reached skill level 1 in Invocations
  1136 | D:2      | Reached skill level 1 in Short Blades
  1136 | D:2      | Reached skill level 1 in Long Blades
  1136 | D:2      | Reached skill level 1 in Axes
  1136 | D:2      | Reached skill level 1 in Polearms
  1136 | D:2      | Reached skill level 1 in Staves
  1136 | D:2      | Reached skill level 1 in Slings
  1136 | D:2      | Reached skill level 1 in Bows
  1136 | D:2      | Reached skill level 1 in Crossbows
  1136 | D:2      | Reached skill level 1 in Throwing
  1136 | D:2      | Reached skill level 1 in Dodging
  1136 | D:2      | Reached skill level 1 in Unarmed Combat
  1136 | D:2      | Reached skill level 1 in Spellcasting
  1136 | D:2      | Reached skill level 1 in Evocations
  1145 | D:2      | Reached XP level 4. HP: 44/48 MP: 5/5
  1964 | D:2      | Reached skill level 1 in Conjurations
  1964 | D:2      | Reached skill level 1 in Hexes
  1964 | D:2      | Reached skill level 1 in Charms
  1964 | D:2      | Reached skill level 1 in Summonings
  1964 | D:2      | Reached skill level 1 in Necromancy
  1964 | D:2      | Reached skill level 1 in Translocations
  1964 | D:2      | Reached skill level 1 in Transmutations
  1964 | D:2      | Reached skill level 1 in Fire Magic
  1964 | D:2      | Reached skill level 1 in Ice Magic
  1964 | D:2      | Reached skill level 1 in Air Magic
  1964 | D:2      | Reached skill level 1 in Earth Magic
  1964 | D:2      | Reached skill level 1 in Poison Magic
  2201 | D:2      | Reached XP level 5. HP: 54/54 MP: 6/6
  2587 | D:3      | Noticed Sigmund
  2657 | D:3      | Killed Sigmund
  2657 | D:3      | Reached XP level 6. HP: 52/61 MP: 8/8
  2935 | D:3      | Reached skill level 5 in Armour
  3060 | D:3      | Found a blossoming altar of Fedhas.
  3060 | D:3      | Found a sacrificial altar of Ru.
  3314 | D:4      | Reached XP level 7. HP: 44/67 MP: 10/10
  3662 | D:4      | Found Itexugox's Antique Armour Shop.
  3715 | D:4      | Found Ikoaseos's Weapon Boutique.
  4114 | D:5      | Entered Level 5 of the Dungeon
  4599 | D:5      | Found a shadowy altar of Dithmenos.
  4633 | D:5      | Found a transporter.
  4633 | D:5      | Found a transporter.
  4663 | D:5      | You fall into a shaft and drop 2 floors!
  4786 | D:7      | Reached XP level 8. HP: 74/74 MP: 12/12
  5269 | D:7      | Found a staircase to the Ecumenical Temple.
  5293 | Temple   | Entered the Ecumenical Temple
  5298 | Temple   | Became a worshipper of Warmaster Okawaru
  5669 | D:4      | Bought a glowing kite shield for 187 gold pieces
  5669 | D:4      | Bought a twisted ring mail for 225 gold pieces
  5692 | D:4      | Identified the cursed +0 ring mail of Valiance {Int+3 Dex+4
                  | Slay+3} (You bought it in a shop on level 4 of the Dungeon)
  5951 | D:8      | Reached * piety under Okawaru
  6053 | D:8      | Reached skill level 11 in Fighting
  6053 | D:8      | Reached XP level 9. HP: 79/79 MP: 14/14
  6062 | D:8      | Noticed Grum
  6086 | D:8      | Killed Grum
  6130 | D:8      | HP: 5/118 [wolf[Grum] (4)]
  6528 | D:8      | Reached skill level 5 in Maces & Flails
  6528 | D:8      | Reached skill level 5 in Shields
  6535 | D:8      | Reached ** piety under Okawaru
  6776 | D:8      | Reached skill level 5 in Stealth
  7344 | D:9      | Noticed a troll
  7349 | D:9      | Killed a troll
  7349 | D:9      | Reached skill level 5 in Invocations
  7481 | D:9      | Reached *** piety under Okawaru
  7488 | D:9      | Reached XP level 10. HP: 69/86 MP: 14/17
  8059 | D:9      | Found an opulent altar of Gozag.
  8209 | D:9      | Reached skill level 5 in Short Blades
  8209 | D:9      | Reached skill level 5 in Long Blades
  8209 | D:9      | Reached skill level 5 in Axes
  8209 | D:9      | Reached skill level 5 in Polearms
  8209 | D:9      | Reached skill level 5 in Staves
  8209 | D:9      | Reached skill level 5 in Slings
  8209 | D:9      | Reached skill level 5 in Bows
  8209 | D:9      | Reached skill level 5 in Crossbows
  8209 | D:9      | Reached skill level 5 in Throwing
  8209 | D:9      | Reached skill level 5 in Dodging
  8209 | D:9      | Reached skill level 5 in Unarmed Combat
  8209 | D:9      | Reached skill level 5 in Spellcasting
  8209 | D:9      | Reached skill level 5 in Evocations
  8365 | D:9      | Noticed a two-headed ogre
  8366 | D:9      | Identified the +6 scythe of Symmetry {vorpal, Int+3}
  8366 | D:9      | Identified the ring of the Death Scarab {rF+ rC+ Dex+6
                  | SInv}
  8383 | D:9      | HP: 4/88 [something (3)]
  8387 | D:9      | Killed an unseen horror
  8387 | D:9      | Reached **** piety under Okawaru
  8389 | D:9      | Demolished by an orc warrior

Illustrated notes

Levels and vault maps discovered:
D:1:      dpeg_arrival_prison, layout_loops_ring, hangedman_decor_points,
          minmay_misc_feat_rugged
D:2:      minmay_recursive_quarters, layout_basic
D:3:      layout_basic, gammafunk_temple_overflow_wave, first_ration,
          kennysheep_generic_room_15, uniq_sigmund
D:4:      layout_loops_ring, serial_shops, shop_fountains, nicolae_shop_trees
D:5:      layout_rooms, kennysheep_mini_moat, serial_rivers,
          chequers_serial_rivers_small_a, chequers_serial_rivers_micro_a,
          chequers_serial_rivers_micro_e, chequers_serial_rivers_small_3,
          chequers_serial_rivers_micro_e, gammafunk_ghost_gnarly_gnolls,
          serial_shops, kennysheep_little_box
D:6:      layout_rooms, kennysheep_mini, lightli_temple_of_fire,
          old_standard_altar, minmay_stone_trees_medium
D:7:      lemuel_slime, layout_layer_cave, minmay_temple_entry_gardened_gates
D:8:      layout_loops_corners, uniq_grum
D:9:      minmay_the_grid_octo_triangle [minmay_the_grid_octo_clover_2,
          minmay_the_grid_octo_prize_ultimate_mussel_roller,
          minmay_the_grid_octo_pinwheel], layout_layer_cave, marbit_many_paths,
          hangedman_little_slice_of_home
Temple:   minmay_freezing_vapour_temple

Skill      XL: |  1  2  3  4  5  6  7  8  9 10 |
---------------+-------------------------------+-----
Fighting       | 11 | 11.5
Invocations    | 1 2 3 4 5 |  5.8
Short Blades   | 1 2 3 4 5 |  5.3
Long Blades    | 1 2 3 4 5 |  5.3
Axes           | 1 2 3 4 5 |  5.3
Polearms       | 1 2 3 4 5 |  5.3
Staves         | 1 2 3 4 5 |  5.3
Slings         | 1 2 3 4 5 |  5.3
Bows           | 1 2 3 4 5 |  5.3
Crossbows      | 1 2 3 4 5 |  5.3
Throwing       | 1 2 3 4 5 |  5.3
Dodging        | 1 2 3 4 5 |  5.3
Unarmed Combat | 1 2 3 4 5 |  5.3
Spellcasting   | 1 2 3 4 5 |  5.3
Evocations     | 1 2 3 4 5 |  5.3
Conjurations   | 1 2 3 4 |  4.4
Hexes          | 1 2 3 4 |  4.4
Charms         | 1 2 3 4 |  4.4
Summonings     | 1 2 3 4 |  4.4
Necromancy     | 1 2 3 4 |  4.4
Translocations | 1 2 3 4 |  4.4
Transmutations | 1 2 3 4 |  4.4
Fire Magic     | 1 2 3 4 |  4.4
Ice Magic      | 1 2 3 4 |  4.4
Air Magic      | 1 2 3 4 |  4.4
Earth Magic    | 1 2 3 4 |  4.4
Poison Magic   | 1 2 3 4 |  4.4
Maces & Flails | 3 4 5 6 |  6.0
Stealth        | 3 4 5 |  5.9
Shields        | 3 4 5 6 |  6.0
Armour         | 5 6 7 |  7.1

Action                   |  1- 3 |  4- 6 |  7- 9 | 10-12 || total
-------------------------+-------+-------+-------+-------++-------
Melee: Mace              |    87 |   201 |   194 |       ||   482
       Bite              |     6 |    15 |    38 |     5 ||    64
       War axe           |       |       |   160 |    53 ||   213
       Dagger            |       |       |     5 |       ||     5
 Fire: Hunting sling     |       |     7 |    15 |       ||    22
Throw: Boomerang         |       |       |     1 |       ||     1
Invok: Heroism           |       |       |     1 |     1 ||     2
Evoke: Wand              |       |       |     5 |     2 ||     7
  Use: Scroll            |       |    11 |    11 |     2 ||    24
       Potion            |       |     1 |     1 |     4 ||     6
 Stab: Sleeping          |       |     3 |       |       ||     3
       Invisible         |       |     1 |       |       ||     1
       Distracted        |       |       |     1 |       ||     1
  Eat: Chunk             |     1 |     7 |     7 |     2 ||    17
       Ration            |       |       |     2 |       ||     2
Armor: Ring mail         |    37 |    86 |    75 |    17 ||   215
       Scale mail        |       |       |    41 |       ||    41
       Skin              |       |       |    11 |       ||    11
Dodge: Dodged            |    45 |   112 |   161 |    33 ||   351
Block: Buckler           |     3 |    49 |    42 |       ||    94
       Kite shield       |       |       |   118 |    42 ||   160
